Description

This build opens with a CC 1st into a fast +1 defense Thor push, hiting before the 6 minute mark with 4 Thors, 12 Marines to support, and SCVs to mass repair, .

The setup is 2 techlab factories and 1 reactored barrack off 2 bases.

BUILD ORDER 17CC 18RAX 19GAS 19GAS 23FACTORY1 1marines 3rd GAS 2nd marine

!!! 28 busy time !!! build ARMORY + SUPPLY DEPOT + FACTORY2 + REACTOR on rax, at the same time. build 2 TECHLABS in a row with the 1st FACTORY

Benchmark : @ 5:45 you will push with 4 thors 12 marines and 16 scv on auto repair -> TRICK -> right click them on a thor -> deselect 4 scvs -> right click on another thor -> repeat until each thor has 4 scvs

TRICKS Keep on macroing during the push (basic lol) Micro your marines behind your tanky thors Focus fire roaches with thors Thors destroy the eggs so don't forget to snipe them while morphing Beware of 2 bases roach nydus all-in that hit between 4:30 and 5:30 if you have scouted a fast Lair (between 2:50 and 3:20).

Replay - 4 Thor all in TvZ

Build Order

Get SALT Encoding   

  12  0:01  SCV  
  13  0:14  SCV  
  14  0:18  Supply Depot  
  14  0:26  SCV  
  15  0:41  SCV  
  16  0:53  SCV  
  17  1:01  Command Center  
  18  1:05  SCV  
  18  1:14  Barracks  
  18  1:17  SCV  
  19  1:23  Refinery  
  19  1:28  Refinery  
  19  1:32  SCV  
  20  1:44  SCV  
  21  1:56  SCV  
  21  2:03  Marine  
  23  2:09  Orbital Command  
  23  2:12  Factory  
  23  2:17  Orbital Command  
  23  2:21  Marine  
  24  2:35  Refinery  
  24  2:36  SCV  
  24  2:39  Marine  
  26  2:43  SCV  
  27  2:48  SCV  
  28  2:56  Supply Depot  
  28  2:59  Factory  
  28  3:06  Barracks Reactor  
  28  3:08  Factory Tech Lab  
  28  3:12  Armory  
  28  3:15  SCV x2  
  30  3:28  SCV x2  
  32  3:36  Factory Tech Lab  
  32  3:40  Supply Depot, SCV x2  
  32  3:43  Refinery  
  36  3:52  SCV x2  
  36  4:01  Thor  
  36  4:05  Terran Vehicle And Ship Armor Level 1  
  42  4:08  SCV x2  
  44  4:15  Thor  
  44  4:19  Supply Depot  
  50  4:23  Supply Depot  
  50  4:25  SCV  
  50  4:26  SCV  
  52  4:30  Supply Depot  
  52  4:34  Supply Depot  
  52  4:37  SCV  
  52  4:39  Marine  
  52  4:41  Marine  
  55  4:49  Thor  
  61  4:54  SCV  
  61  4:55  SCV  
  61  4:57  Marine  
  64  4:59  Marine  
  65  5:06  Thor  
  65  5:08  SCV x2  
  73  5:17  Supply Depot  
  73  5:19  Supply Depot  
  73  5:23  Supply Depot, Marine x2  
  75  5:30  SCV  
  75  5:31  SCV  
  75  5:32  Thor  
  83  5:42  Marine x2  
  85  5:49  Thor  
  91  6:13  SCV x2  
  91  6:14  Marine x2  
  91  6:16  Thor  
  101  6:19  Command Center  
  101  6:25  SCV  
  101  6:26  SCV  
  101  6:31  Factory  
  103  6:38  Supply Depot  
  103  6:41  Supply Depot  
Spawning Tool Build Advisor. Get it on Overwolf

Analysis

directly inspired from stimmedprobe all in orignal build (good to read^^)

transition into mech (add 3rd CC, 3rd factory, starport + reactor)

Go to:

Details

  • Created by: epitoi
  • Published on: Oct 26, 2015
  • Modified on: Nov 01, 2015
  • Patch: Pre-3.8.0
Show
View Real Time Build Order
Export as new Build Order

Comments (3)

On Nov. 14, 2017, 7:45 a.m., matthewh626  said:

I wonder If this would work vs other races?

On Nov. 2, 2015, 2:39 a.m., MorN  said:

With the new nydus being invincible until it is done, I think that surrounding it with buildings, getting the scv surround and a getting some lucky unit spawns from the infrastructure would be the best way to defend it. Also, since you already have a tech lab on the factory, possibly making a tank if you scout the nydus before the attack actually comes.

Just theory-crafting here, very interesting build.

On Oct. 28, 2015, 1:18 p.m., StoicLoofah  said:

Great build!

You mentioned that 2 base nydus is a threat to watch out for. Is there any particular way to react to that if you scout it early?

Create an account to comment!